cohdb
Replays
Latest Replays
All Replays
Popular Replays
Top Player Replays
Match Explorer
How It Works
Community
CoH3 Stats
Reddit
Sign in to upload your games and track your stats! →
Sign in with Steam
Match 43861088
Unlisted
Match 43861088
Overview
Messages
Build Orders
End
Panzergrenadier Squad
Selects Italian Combined Arms Battlegroup
Selects Bersaglieri Squad
Bersaglieri Squad
Panzergrenadier Squad
Construct Light Support Kompanie
2.5-tonne Medical Truck
Bersaglieri Squad
Selects Bersaglieri Bolster
Construct Mechanized Kompanie
Panzerjäger Squad
Support Armor Elements
StuG III D Assault Gun
dizzi
1443943334
Tapczanek
Hextech
DarkLord
juve1975
abbodhadid1
Серёга с Монетки
0
0
Comments
sign in to comment!
No comments posted yet!